 Dungeon Crawl Stone Soup version 0.31-a0-795-g5eb97db20b (webtiles) character file.

Game seed: 7675213799449126042

189667 bmack86 the Slayer (level 17, -4/183 HPs)
             Began as a Minotaur Fighter on Sept 17, 2023.
             Was the Champion of Okawaru.
             Slain by a salamander tyrant (39 damage)
             ... on level 3 of the Snake Pit on Sept 18, 2023.
             The game lasted 01:34:02 (27108 turns).

bmack86 the Slayer (Minotaur Fighter)              Turns: 27108, Time: 01:34:04

Health: -4/183     AC: 30    Str: 32    XL:     17   Next: 51%
Magic:  22/22      EV:  8    Int: 11    God:    Okawaru [******]
Gold:   1707       SH: 17    Dex:  9    Spells: 16/16 levels left

rFire   x . .        p - +5 war axe (flame)
rCold   + + .        K - +2 kite shield {rC+}
rNeg    . . .        V - +0 plate armour of the Armoured One {Str+5 SInv Stlth-}
rPois   +            J - +2 hat
rElec   .            Z - +2 cloak
rCorr   +            a - +1 pair of gloves of Tentacled Leaves {Regen+ Stlth+}
SInv    +            e - +2 pair of boots
Will    +....        I - amulet of the Sharp God {Reflect Regen+ rCorr Int+6 SH+5} Stlth
                     H - ring of Limitation {Ice rPois Str-3 Stlth+}
HPRegen 2.10/turn    h - ring of flight
MPRegen 0.18/turn

%: reflection
@: weakened, flying
A: horns 2, retaliatory headbutt, fangs 1
}: 1/15 runes: decaying
a: Renounce Religion, Heroism, Finesse, Duel


You were on level 3 of the Snake Pit.
You worshipped Okawaru.
Okawaru was exalted by your worship.
You visited 6 branches of the dungeon, and saw 30 of its levels.
You also visited: Sewer and Ice Cave.

You collected 2765 gold pieces.
You spent 1058 gold pieces at shops.

Inventory:

Hand Weapons
 p - a +5 war axe of flaming (weapon)
 C - a +2 war axe of freezing
Missiles
 o - 18 javelins (quivered)
 r - 16 curare-tipped darts
 v - 5 throwing nets
 A - 8 silver javelins
Armour
 a - the +1 pair of gloves of Tentacled Leaves (worn) {Regen+ Stlth+}
   (Okawaru gifted it to you on level 2 of the Orcish Mines)

   Regen+:    It increases your rate of health regeneration.
   Stlth+:    It makes you more stealthy.
 e - a +2 pair of boots (worn)
 w - a +1 plate armour of willpower
 J - a +2 hat (worn)
 K - a +2 kite shield of cold resistance (worn)
 V - the +0 plate armour of the Armoured One (worn) {Str+5 SInv Stlth-}
   (Okawaru gifted it to you on level 4 of the Lair of Beasts)

   Str+5:     It affects your strength (+5).
   SInv:      It lets you see invisible.
   Stlth-:    It makes you less stealthy.
 Z - a +2 cloak (worn)
Jewellery
 h - a ring of flight (right hand)
 i - a ring of resist corrosion
 x - an amulet of regeneration
 y - a +6 ring of strength
 D - a +6 ring of intelligence
 H - the ring of Limitation (left hand) {Ice rPois Str-3 Stlth+}
   (You bought it in a shop on level 2 of the Orcish Mines)

   [ring of ice]

   Ice:       It enhances your ice magic.
   Str-3:     It affects your strength (-3).
   rF-:       It makes you vulnerable to fire.
   rC+:       It protects you from cold.
   rPois:     It protects you from poison Stlth+: It makes you more stealthy.
 I - the amulet of the Sharp God (around neck) {Reflect Regen+ rCorr Int+6 SH+5}
   (You found it on level 1 of the Snake Pit)

   [amulet of reflection]

   Reflect:   It reflects blocked missile attacks.
   Int+6:     It affects your intelligence (+6).
   Regen+:    It increases your rate of health regeneration.
   rCorr:     It protects you from acid and corrosion.
   SH+5:      It affects your SH (+5).
 X - a ring of see invisible
Wands
 g - a wand of mindburst (20)
 m - a wand of quicksilver (15)
 z - a wand of flame (23)
 B - a wand of digging (21)
 E - a wand of roots (19)
Scrolls
 b - 8 scrolls of identify
 f - a scroll of enchant weapon
 k - 12 scrolls of teleportation
 n - 3 scrolls of fog
 G - 3 scrolls of blinking
 N - 4 scrolls of fear
 P - a scroll of poison
 T - a scroll of revelation
 U - a scroll of silence {unknown}
Potions
 c - a potion of berserk rage
 d - 7 potions of might
 j - 5 potions of enlightenment
 l - 7 potions of curing
 q - 5 potions of brilliance
 s - 4 potions of invisibility
 t - 4 potions of magic
 u - 3 potions of haste
 F - 2 potions of mutation
 L - 3 potions of ambrosia
 Q - 2 potions of heal wounds
 R - a potion of cancellation
 W - 3 potions of lignification
 Y - 2 potions of resistance


   Skills:
 * Level 24.3 Fighting
 - Level 19.1 Axes
 - Level 10.0 Throwing
 - Level 18.0 Armour
 - Level 10.0 Shields
 - Level 8.0 Invocations


You had 16 spell levels left.
You didn't know any spells.
Your spell library contained the following spells:

 Spells                   Type           Power      Damage    Failure   Level
 Apportation              Tloc           0%         N/A       93%         1
 Freeze                   Ice            0%         1d3       93%         1
 Cigotuvi's Dreadful Rot  Necr/Pois/Air  0%         N/A       98%         2
 Jinxbite                 Hex            0%         N/A       98%         2
 Frozen Ramparts          Ice            0%         1d1       100%        3
 Gell's Gravitas          Tloc           0%         N/A       100%        3
 Hailstorm                Conj/Ice       0%         3d3       100%        3
 Sigil of Binding         Hex            0%         N/A       100%        3
 Teleport Other           Tloc           0%         N/A       100%        3
 Dimensional Bullseye     Hex/Tloc       0%         N/A       100%        4
 Dispel Undead            Necr           0%         3d6       100%        4
 Leda's Liquefaction      Hex/Erth       0%         N/A       100%        4
 Alistair's Intoxication  Tmut/Pois      0%         N/A       100%        5
 Dispersal                Tloc           0%         N/A       100%        6
 Call Canine Familiar     Summ           Unusable   N/A       N/A         3
 Death Channel            Necr           Unusable   N/A       N/A         6

Dungeon Overview and Level Annotations

Branches:
Dungeon (15/15)            Temple (1/1) D:7            Lair (5/5) D:9
  Swamp (4/4) Lair:3        Snake (3/4) Lair:2        Slime (0/5) Lair:5
    Orc (2/2) D:10            Elf (0/3) Orc:2        Vaults (0/5) D:14
 Depths (0/4) D:15          Sewer (visited)           IceCv (visited)

Altars:
Ashenzari
Cheibriados
Dithmenos
Elyvilon
Fedhas
Gozag
Hepliaklqana
Kikubaaqudgha
Makhleb
Nemelex Xobeh
Okawaru
Qazlal
Ru
Sif Muna
Trog
Uskayaw
Vehumet
Wu Jian
Xom
Yredelemnul
Zin
The Shining One
Jiyva
Lugonu

Shops:
D:4 :   D:6 :([(   D:12 ((*(!   Orc:1 =   Orc:2 *[=(   Snake:1 :*   Snake:2 =:=

Portals:
Abyss: Snake:1

Annotations:
Temple 2 transporters


Innate Abilities, Weirdness & Mutations

You have a pair of horns on your head.
You reflexively headbutt those who attack you in melee.
You have very sharp teeth.


Message History

You slash the salamander mystic!
You kill the salamander mystic!
Okawaru accepts your kill.
You slash the salamander tyrant!
You block the salamander tyrant's attack.
The salamander hits you but does no damage.
Unknown command.
Unknown command.
The salamander hits you but does no damage.
The salamander tyrant hits you but does no damage.
Things that are here:
a +0 dagger; a +0 robe; a salamander corpse You slash the salamander tyrant!
The salamander tyrant is severely wounded.
You block the salamander tyrant's attack.
You block the salamander's attack.
You hit the salamander tyrant.
You headbutt the salamander tyrant, but do no damage.
The salamander tyrant is severely wounded.
The salamander tyrant hits you!
You are engulfed in flames!!
The fire burns you terribly!
You slash the salamander tyrant!
The salamander tyrant is almost dead.
You block the salamander's attack.
You block the salamander tyrant's attack.
Unknown command.
You hit the salamander tyrant.
Your headbutt misses the salamander tyrant.
The salamander tyrant is almost dead.
The salamander tyrant hits you.
You are engulfed in flames!!!
The fire burns you terribly!
* * * LOW HITPOINT WARNING * * *
You block the salamander's attack.
You barely miss the salamander tyrant.
You bite the salamander tyrant, but do no damage.
The salamander tyrant is almost dead.
The salamander tyrant hits you!
* * * LOW HITPOINT WARNING * * *
You are engulfed in flames!!!
The fire burns you terribly!
You die...

........# ...8.##
........## #....#
.........# ### #...#
.........###.......#....
#.................##...
#..................#.<.
#................##...
#..N......# #...#....
##....@..### #..##...#
##..>..N..## #..#....#
#......)...#####..†.8.##
....#......#.....)#...##
...##.............##'##.
... ##.............#....
.. #............####..
#....##.......# #..
#...####......## ##.


You could see a salamander tyrant (fast) and a salamander.

Vanquished Creatures
  3 tentacled monstrosities (Swamp:2)
  Rupert (Lair:4)
  Gastronok (D:8)
  2 thorn hunters (Swamp:3)
  Kirke (Swamp:3)
  A nagaraja (Snake:2)
  2 fenstrider witches (Swamp:2)
  A reaper (IceCv)
  An orc warlord (Orc:2)
  2 ghouls
  Nessos (Arena)
  4 bunyips
  4 eleionomae
  Josephine (D:11)
  2 shambling mangroves
  20 hydras
  Fannar (Orc:1)
  Erolcha (D:13)
  6 alligators
  11 anacondas
  2 catoblepae
  2 centaur warriors
  2 ghost crabs (Swamp:2)
  2 dancing weapons (D:14)
  4 naga warriors
  2 two-headed ogres
  4 boulder beetles
  7 death yaks (Lair:4)
  5 naga sharpshooters
  A shock serpent (Snake:3)
  3 orc high priests (Orc:2)
  7 goliath frogs
  A salamander mystic (Snake:3)
  3 skysharks
  5 skeletal warriors (D:14)
  7 spriggan druids
  12 swamp dragons
  7 sea snakes
  2 death drakes (Swamp:3)
  2 orc knights
  2 naga ritualists
  16 bog bodies
  An obsidian statue (D:15)
  A necromancer (D:15)
  A deep elf pyromancer (D:13)
  7 cyclopes
  A will-o-the-wisp (Swamp:1)
  9 orc sorcerers
  2 ugly things (D:12)
  A manticore (D:13)
  3 salamanders
  22 black mambas
  2 centaur zombies (D:15)
  8 elephants
  9 naga magi
  2 torpor snails
  3 kobold demonologists
  2 ice statues (IceCv)
  3 rime drakes
  4 unseen horrors
  8 komodo dragons
  20 cane toads
  An anaconda simulacrum (IceCv)
  4 ice devils (IceCv)
  4 polar bears
  6 trolls
  11 tyrant leeches
  8 hornets
  5 dream sheep
  28 blink frogs
  2 slime creatures (D:15)
  3 shadows
  2 centaur simulacra (D:15)
  8 spriggans
  2 fire elementals (D:15)
  3 wyverns
  2 basilisks
  43 yaks
  3 hogs (Swamp:3)
  4 wraiths
  A steam dragon (D:8)
  2 death yak simulacra (IceCv)
  10 vampire mosquitoes
  5 wargs
  22 nagas
  18 swamp worms
  2 acid dragons (D:11)
  6 water moccasins
  3 ice beasts
  11 swamp drakes
  5 black bears
  5 ogres
  31 orc warriors
  A sky beast (D:7)
  14 wolves
  8 centaurs
  A phantom (D:5)
  6 kobold brigands
  13 bullfrogs
  A gnoll sergeant (D:12)
  4 necrophages (Swamp:1)
  4 two-headed ogre simulacra (IceCv)
  2 scorpions
  5 wights (D:9)
  5 killer bees (D:9)
  3 elephant simulacra (IceCv)
  2 howler monkeys
  5 electric eels
  2 lava snakes (D:15)
  15 orc priests
  4 jellies
  7 hounds
  15 orc wizards
  2 spriggan simulacra (IceCv)
  3 polar bear simulacra (IceCv)
  A boggart skeleton (D:15)
  4 troll simulacra (IceCv)
  23 gnolls
  2 naga simulacra (IceCv)
  2 river rats
  12 adders
  A shadow imp (D:8)
  4 white imps
  2 worms
  2 dart slugs
  49 orcs
  11 ball pythons
  12 bats
  6 endoplasms
  3 giant cockroaches
  7 goblins
  4 hobgoblins
  4 jackals
  3 quokkas
  11 frilled lizards
  22 kobolds
  10 rats
  A lurking horror (Snake:1)
  2 spectral weapons (Swamp:4)
853 creatures vanquished.

Vanquished Creatures (others)
  An eleionoma (Swamp:2)
  2 bloated husks
  A swamp drake (Swamp:4)
  A centaur (D:8)
  4 foxfires (Swamp:1)
  A lurking horror (Snake:1)
  A spectral weapon (Swamp:2)
11 creatures vanquished.

Grand Total: 864 creatures vanquished

Notes
Turn   | Place    | Note
-------+----------+-------------------------------------------
     0 | D:1      | bmack86 the Minotaur Fighter began the quest for the Orb.
     0 | D:1      | Reached XP level 1. HP: 19/19 MP: 0/0
   266 | D:1      | Reached XP level 2. HP: 26/26 MP: 1/1
   714 | D:1      | Found a faded altar of an unknown god.
   875 | D:2      | Identified the +0 robe "Hoxzor" {rF+ Int-5 SInv Archmagi}
   907 | D:2      | Reached XP level 3. HP: 25/31 MP: 2/2
  1002 | D:2      | Reached skill level 5 in Shields
  1240 | D:2      | Reached XP level 4. HP: 32/39 MP: 3/3
  1785 | D:3      | Found a blossoming altar of Fedhas.
  1926 | D:3      | Reached skill level 5 in Axes
  1951 | D:3      | Found a glowing drain.
  1978 | Sewer    | Entered a sewer
  2080 | Sewer    | Noticed a kobold brigand
  2091 | Sewer    | Reached XP level 5. HP: 39/45 MP: 4/4
  2245 | Sewer    | Reached XP level 6. HP: 28/51 MP: 5/5
  3427 | D:4      | Found Caath's Book Emporium.
  3459 | D:4      | Reached XP level 7. HP: 56/57 MP: 6/6
  4101 | D:4      | Found a radiant altar of Vehumet.
  4236 | D:5      | Entered Level 5 of the Dungeon
  4411 | D:5      | Reached skill level 10 in Axes
  4434 | D:5      | Identified the +0 ring mail of Untold Secrets {Regen+
                  | Int+4}
  4640 | D:5      | Reached XP level 8. HP: 64/64 MP: 7/7
  5086 | D:6      | Found Junyox's Weapon Shop.
  5097 | D:6      | Found a basalt altar of Yredelemnul.
  5134 | D:6      | Found Suxuff's Weapon Shoppe.
  5206 | D:6      | Found Wukis's Book Boutique.
  5382 | D:6      | Found Pularphua's Antique Armour Emporium.
  5386 | D:6      | Bought a glowing chain mail for 262 gold pieces
  5558 | D:6      | Found an ornate altar of the Wu Jian Council.
  5713 | D:7      | Identified a scroll of acquirement
  5713 | D:7      | Acquired a manual of Axes
  5760 | D:7      | Noticed a troll
  5776 | D:7      | Killed a troll
  5940 | D:7      | Reached skill level 15 in Axes
  5940 | D:7      | Reached XP level 9. HP: 70/70 MP: 8/8
  6100 | D:7      | Found a staircase to the Ecumenical Temple.
  6137 | Temple   | Found a transporter.
  6137 | Temple   | Found a transporter.
  6137 | Temple   | Found a transporter.
  6137 | Temple   | Found a transporter.
  6137 | Temple   | Entered the Ecumenical Temple
  6154 | Temple   | Became a worshipper of Warmaster Okawaru
  6773 | D:8      | Reached skill level 1 in Invocations
  7083 | D:8      | Reached * piety under Okawaru
  7327 | D:8      | Reached skill level 5 in Invocations
  7387 | D:8      | Noticed Gastronok
  7410 | D:8      | Killed Gastronok
  7410 | D:8      | Reached ** piety under Okawaru
  7411 | D:8      | Reached skill level 5 in Fighting
  7411 | D:8      | Reached XP level 10. HP: 63/82 MP: 11/13
  7578 | D:8      | Reached skill level 6 in Fighting
  7578 | D:8      | Reached skill level 5 in Armour
  7689 | D:9      | Found a hazy altar of Hepliaklqana.
  7723 | D:9      | Reached *** piety under Okawaru
  7827 | D:9      | Upgraded the game from 0.31-a0-774-g0d66cbabe8 to
                  | 0.31-a0-795-g5eb97db20b
  7860 | D:9      | Reached skill level 7 in Fighting
  7923 | D:9      | Reached **** piety under Okawaru
  7965 | D:9      | Reached skill level 8 in Fighting
  8038 | D:9      | Found a hide-covered altar of Uskayaw.
  8079 | D:9      | Found a staircase to the Lair.
  8400 | D:10     | Entered Level 10 of the Dungeon
  8443 | D:10     | Reached XP level 11. HP: 90/94 MP: 14/14
  8543 | D:10     | Reached ***** piety under Okawaru
  8733 | D:10     | Reached skill level 9 in Fighting
  8816 | D:10     | Found a sparkling altar of Nemelex Xobeh.
  8924 | D:10     | Found a staircase to the Orcish Mines.
  8955 | D:10     | Noticed a two-headed ogre
  8963 | D:10     | Killed a two-headed ogre
  9187 | D:11     | Noticed Josephine
  9201 | D:11     | Killed Josephine
  9213 | D:11     | Reached skill level 10 in Fighting
  9308 | D:11     | Noticed a boulder beetle
  9312 | D:11     | Killed a boulder beetle
  9315 | D:11     | Gained mutation: You have very sharp teeth. [a neqoxec]
  9632 | D:12     | Noticed a red ugly thing
  9642 | D:12     | Killed a red ugly thing
  9684 | D:12     | Found Gituor's Assorted Antiques.
  9709 | D:12     | Identified the scarf of the Evening Star {harm, Stlth+}
                  | (Okawaru gifted it to you on level 12 of the Dungeon)
  9709 | D:12     | Received a gift from Okawaru
  9711 | D:12     | Reached skill level 11 in Fighting
  9720 | D:12     | Bought a potion of heal wounds for 155 gold pieces
  9720 | D:12     | Bought a viscous white potion for 27 gold pieces
  9720 | D:12     | Bought a scimitar for 124 gold pieces
  9769 | D:12     | Reached skill level 1 in Throwing
  9953 | D:12     | Found Teomalis's Weapon Shop.
  9967 | D:12     | Identified the +4 flail "Killer Bee's Regret" {flame, rElec
                  | rC++ Will-}
 10032 | D:12     | Found a frozen archway.
 10071 | D:12     | Found Lelal's Antique Weapon Shoppe.
 10076 | IceCv    | Entered an ice cave
 10116 | IceCv    | Reached XP level 12. HP: 55/110 MP: 17/17
 10205 | IceCv    | Noticed a reaper
 10225 | IceCv    | Killed a reaper
 10228 | IceCv    | HP: 3/110 [elephant simulacrum (7)]
 10648 | IceCv    | Reached skill level 12 in Fighting
 11120 | D:12     | Found Zaiwuvid's Distillery.
 11210 | D:12     | Found Waidait's Weapon Shop.
 11269 | D:12     | Noticed a boulder beetle
 11321 | D:12     | Killed a boulder beetle
 11732 | D:13     | Noticed Erolcha
 11747 | D:13     | Killed Erolcha
 11814 | D:13     | You fall into a shaft and drop 2 floors!
 11814 | D:15     | Entered Level 15 of the Dungeon
 11847 | D:14     | Noticed a catoblepas
 11858 | D:14     | Killed a catoblepas
 11866 | D:14     | Reached skill level 13 in Fighting
 11872 | D:14     | Received a gift from Okawaru
 11958 | D:13     | Reached skill level 10 in Armour
 11961 | D:13     | Received a gift from Okawaru
 12111 | D:13     | Noticed a centaur warrior
 12121 | D:13     | Killed a centaur warrior
 12142 | D:13     | Reached skill level 5 in Throwing
 12142 | D:13     | Reached XP level 13. HP: 115/123 MP: 18/18
 12250 | D:13     | Noticed Nessos
 12253 | Arena    | Entered the Arena
 12261 | Arena    | Killed Nessos
 12544 | D:14     | Found a gate to the Vaults.
 12723 | Lair:1   | Entered Level 1 of the Lair of Beasts
 12836 | Lair:1   | Reached skill level 14 in Fighting
 13643 | Lair:2   | Received a gift from Okawaru
 13734 | Lair:2   | Found a staircase to the Snake Pit.
 13754 | Lair:2   | Identified the +0 chain mail of Miedanij {Contam Int+2
                  | SInv} (Okawaru gifted it to you on level 2 of the Lair of
                  | Beasts)
 13754 | Lair:2   | Received a gift from Okawaru
 13777 | Lair:2   | Identified the +4 hand axe of the Snake Pit {flame, rF- rC+
                  | rCorr Str+3}
 13931 | Lair:2   | Found the +8 trident of the Octopus King {venom, rElec
                  | rPois}
 14052 | Lair:2   | Reached skill level 15 in Fighting
 15214 | Lair:3   | Found a staircase to the Swamp.
 15535 | Lair:4   | Reached XP level 14. HP: 130/136 MP: 19/19
 15672 | Lair:4   | Noticed Rupert
 15682 | Lair:4   | Killed Rupert
 15683 | Lair:4   | Reached skill level 16 in Fighting
 15701 | Lair:4   | Identified the +0 plate armour of the Armoured One {Str+5
                  | SInv Stlth-} (Okawaru gifted it to you on level 4 of the
                  | Lair of Beasts)
 15701 | Lair:4   | Received a gift from Okawaru
 15870 | Lair:4   | Reached skill level 10 in Shields
 16529 | Lair:5   | Entered Level 5 of the Lair of Beasts
 16650 | Lair:5   | Found a staircase to the Slime Pits.
 16651 | Lair:5   | Found a viscous altar of Jiyva.
 16936 | Lair:5   | Reached skill level 17 in Fighting
 17469 | Lair:5   | Received a gift from Okawaru
 17766 | Orc:1    | Entered Level 1 of the Orcish Mines
 17893 | Orc:1    | Found Kicuddun's Jewellery Shop.
 17930 | Orc:2    | Entered Level 2 of the Orcish Mines
 18187 | Orc:2    | Noticed an orc warlord
 18187 | Orc:2    | Paralysed by an orc sorcerer for 2 turns
 18191 | Orc:2    | Found Jaeteguf's Antique Weapon Boutique.
 18202 | Orc:2    | Identified the +1 pair of gloves of Tentacled Leaves
                  | {Regen+ Stlth+} (Okawaru gifted it to you on level 2 of the
                  | Orcish Mines)
 18202 | Orc:2    | Received a gift from Okawaru
 18205 | Orc:2    | Killed an orc warlord
 18360 | Orc:2    | Reached skill level 18 in Fighting
 18388 | Orc:2    | HP: 3/143 [sun demon[an orc high priest] (16)]
 18389 | Orc:2    | Found Onuohaez's General Store.
 18394 | Orc:1    | Noticed Fannar
 18406 | Orc:1    | Killed Fannar
 18560 | Orc:2    | Reached XP level 15. HP: 145/149 MP: 20/20
 18727 | Orc:2    | Found Tasumeack's Jewellery Shop.
 18775 | Orc:2    | Found a staircase to the Elven Halls.
 18863 | Orc:2    | Found Itaesk's Antique Armour Emporium.
 19449 | D:14     | Found a bloodstained altar of Trog.
 20332 | D:15     | Received a gift from Okawaru
 20333 | D:15     | Found a staircase to the Depths.
 20810 | Orc:2    | Bought the ring of Limitation {Ice rPois Str-3 Stlth+} for
                  | 490 gold pieces
 20960 | Swamp:1  | Entered Level 1 of the Swamp
 21095 | Swamp:1  | Reached skill level 19 in Fighting
 21315 | Swamp:1  | Reached skill level 10 in Throwing
 21319 | Swamp:1  | Received a gift from Okawaru
 21472 | Swamp:1  | Paralysed by a hornet for 3 turns
 21534 | Swamp:1  | Received a gift from Okawaru
 21918 | Swamp:2  | Reached skill level 20 in Fighting
 22023 | Swamp:2  | Noticed a tentacled monstrosity
 22025 | Swamp:2  | Noticed a tentacled monstrosity
 22025 | Swamp:2  | Noticed a tentacled monstrosity
 22038 | Swamp:2  | Killed a tentacled monstrosity
 22039 | Swamp:2  | Reached skill level 15 in Armour
 22049 | Swamp:2  | Killed a tentacled monstrosity
 22049 | Swamp:2  | Received a gift from Okawaru
 22061 | Swamp:2  | Killed a tentacled monstrosity
 22179 | Swamp:2  | Noticed a fenstrider witch
 22185 | Swamp:2  | Paralysed by a fenstrider witch for 4 turns
 22190 | Swamp:2  | Killed a fenstrider witch
 22191 | Swamp:2  | Reached XP level 16. HP: 146/165 MP: 19/21
 22269 | Swamp:2  | Paralysed by a fenstrider witch for 2 turns
 22274 | Swamp:2  | Received a gift from Okawaru
 22554 | Swamp:2  | Reached ****** piety under Okawaru
 22612 | Swamp:2  | Received a gift from Okawaru
 22612 | Swamp:2  | Found the +4 robe of Folly {Brill Will-∞ Int+8}
 22978 | Swamp:3  | Reached skill level 21 in Fighting
 23049 | Swamp:3  | Noticed a thorn hunter
 23072 | Swamp:3  | Killed a thorn hunter
 23211 | Swamp:3  | Noticed Kirke
 23219 | Swamp:3  | Killed Kirke
 23731 | Swamp:4  | Entered Level 4 of the Swamp
 23760 | Swamp:4  | Noticed a thorn hunter
 23782 | Swamp:3  | Killed a thorn hunter
 23783 | Swamp:3  | Reached skill level 22 in Fighting
 23869 | Swamp:4  | Identified the +0 cloak of the Thinker {rPois Int-2 Dex+7}
                  | (Okawaru gifted it to you on level 4 of the Swamp)
 23869 | Swamp:4  | Received a gift from Okawaru
 24053 | Swamp:4  | Got a decaying rune of Zot
 24640 | Snake:1  | Entered Level 1 of the Snake Pit
 24659 | Lair:2   | Reached skill level 23 in Fighting
 24698 | Lair:2   | Reached XP level 17. HP: 155/179 MP: 22/22
 24893 | Snake:1  | Found a one-way gate to the infinite horrors of the Abyss.
 24898 | Snake:1  | Found a corrupted altar of Lugonu.
 25002 | Snake:1  | Found Pudwuuku's Book Shoppe.
 25012 | Snake:1  | Found Kucenyemu's General Store.
 25208 | Snake:1  | Received a gift from Okawaru
 25265 | Snake:1  | Identified the amulet of the Sharp God {Reflect Regen+
                  | rCorr Int+6 SH+5}
 25602 | Snake:1  | Received a gift from Okawaru
 26033 | Snake:2  | Received a gift from Okawaru
 26407 | Snake:2  | Found Cashun's Jewellery Emporium.
 26407 | Snake:2  | Found Syommol's Book Shop.
 26408 | Snake:2  | Found Binkih's Jewellery Emporium.
 26611 | Snake:2  | Received a gift from Okawaru
 26901 | Snake:3  | Reached skill level 24 in Fighting
 27108 | Snake:3  | Slain by a salamander tyrant

Illustrated notes

Levels and vault maps discovered:
D:1:      dpeg_arrival_another_circle, layout_loops_ring,
          shapermc_ecumenical_altar_mp_highgroup
D:2:      layout_basic, minmay_surrounded
D:3:      layout_basic, mainiacjoe_overflow_tiny_flanked, portal_sewer_entry_b,
          grunt_decor_junction
D:4:      layout_cave_pods, vehumet_altar_wand_db, serial_shops,
          nicolae_lakefront_shop
D:5:      layout_cave_pools
D:6:      layout_gridville, mainiacjoe_overflow_concentric_impassable,
          lemuel_doored_altar, serial_shops, nicolae_shop_real_fake_doors, shop,
          shop, shop
D:7:      layout_gridville, minmay_temple_entry_statues
D:8:      layout_gridville, minmay_door_square, minmay_misc_feat_secret_circle,
          uniq_gastronok
D:9:      layout_cave_pools, nicolae_hepliaklqana_hazy_memory,
          nicolae_uskayaw_suspiria, erik_lair_island, abandoned_shop
D:10:     layout_roguey, nemelex_diamond_rough_becter,
          minmay_orc_entry_temple_small, hex_tiny
D:11:     layout_rooms, uniq_josephine
D:12:     layout_grid_maze, portal_ice_cave_entry_pillars_1, serial_shops, shop,
          nicolae_shop_peninsula, nicolae_shop_tiny_statue_garden,
          nicolae_shop_waterfront, shop
D:13:     layout_small_grid, grunt_decor_arrowhead, uniq_nessos, uniq_erolcha
D:14:     layout_cave_pools, erik_vaults_1, nicolae_hexahallways,
          trog_ov_bears_minmay
D:15:     grunt_enter_depths_magical_seal, layout_basic, corexii_hall_statues_t,
          serial_bayou_pond_a, minivault_16
Temple:   hellmonk_temple_divided_pantheon
Lair:1:   layout_loops_ring, serial_bayou_ford_a, hibernation_bobbens
Lair:2:   layout_roguey, minmay_snake_entry_guardpost_small, grunt_megastairs_4
Lair:3:   layout_chaotic_city, nicolae_swamp_entry_splash_gauntlet,
          infiniplex_staircase_pool_2
Lair:4:   layout_concentric_octagons, uniq_rupert
Lair:5:   minmay_lair_end_frog_pond, layout_hall_layers, slime_entry_1,
          nzn_sisyphean_effort, serial_bayou_shore_b
Swamp:1:  layout_basic_swamp, evilmike_swamp_ruin_house_5, swamp_pool3,
          hangedman_swamp_ravenous
Swamp:2:  nzn_winding_woodlands_three_and_one [nzn_winding_woodlands_5x15_cabin,
          nzn_winding_woodlands_5x15_pool,
          nzn_winding_woodlands_5x15_lazy_stream,
          nzn_winding_woodlands_center_triple_pond], layout_basic_swamp,
          serial_swamp_ruin, evilmike_swamp_ruin_rubble_1,
          evilmike_swamp_ruin_house_4, evilmike_swamp_ruin_house_1, swamp_pool1
Swamp:3:  layout_basic_swamp, nicolae_swamp_rocky_clearing, swamp_pool3,
          uniq_kirke
Swamp:4:  swamp, layout_basic_swamp, infiniplex_staircase_pool
Snake:1:  minmay_snake_river, layout_onion, amcnicky_altar_lugonu_corruption,
          serial_bayou_shore_a, grunt_megastairs_2, minmay_shoptagon,
          lemuel_fruit_tree
Snake:2:  layout_chambers, st_stairs_9, nicolae_elevator_lobby_plus,
          minmay_shop_grove
Snake:3:  layout_onion, grunt_ministairs_13, uniq_aizul
Orc:1:    layout_caves, minmay_shop_enchanted_jewellery, uniq_fannar
Orc:2:    grunt_orc_gardens, layout_caves, grunt_orc_garden, grunt_orc_garden,
          grunt_orc_garden, grunt_orc_garden, nicolae_orc_sculptors_studio

Skill      XL: |  1  2  3  4  5  6  7  8  9 10 11 12 13 14 15 16 17 |
---------------+----------------------------------------------------+-----
Shields        | 4 5 7 9 10 | 10.0
Axes           | 3 4 5 7 8 10 15 18 19 | 19.1
Invocations    | 5 6 8 |  8.0
Fighting       | 5 8 11 13 15 18 20 23 24 | 24.3
Armour         | 4 6 8 10 11 13 15 17 18 | 18.0
Throwing       | 1 5 7 9 10 | 10.0

Action                     |  1- 3 |  4- 6 |  7- 9 | 10-12 | 13-15 | 16-18 || total
---------------------------+-------+-------+-------+-------+-------+-------++-------
  Melee: War axe           |    86 |   178 |   232 |   596 |   997 |   574 ||  2663
         Headbutt          |    10 |    25 |    40 |   140 |   241 |   131 ||   587
         Bite              |       |       |       |    46 |   120 |    87 ||   253
  Throw: Javelin           |       |       |       |     2 |     1 |       ||     3
 Invoke: Heroism           |       |       |     1 |     5 |     7 |       ||    13
         Finesse           |       |       |       |     1 |     2 |       ||     3
         Duel              |       |       |       |       |     1 |       ||     1
  Evoke: Wand              |       |       |     4 |     4 |     1 |       ||     9
    Use: Scroll            |       |     7 |     9 |     7 |    12 |     3 ||    38
         Potion            |       |     1 |       |     5 |     4 |     4 ||    14
   Stab: Petrified         |       |       |       |     8 |       |       ||     8
         Petrifying        |       |       |       |     1 |       |       ||     1
 Armour: Scale mail        |    83 |   125 |       |       |       |       ||   208
         Chain mail        |       |    18 |   207 |    45 |       |       ||   270
         Plate armour      |       |       |    47 |   749 |  1007 |   672 ||  2475
  Dodge: Dodged            |    63 |    69 |   105 |   149 |   283 |   201 ||   870
  Block: Buckler           |    26 |    46 |    53 |    88 |       |       ||   213
         Kite shield       |       |       |       |    81 |   590 |   474 ||  1145
         Reflection        |       |       |       |       |       |    28 ||    28

Table legend: (Time is in decaauts)
 A = Elapsed time spent in this place.
 B = Non-inter-level travel time spent in this place.
 C = Inter-level travel time spent in this place.
 D = Time resting spent in this place.
 E = Time spent auto-exploring this place.
 F = Levels seen in this place.
 G = Mean time per level.
                   A        B        C        D        E       F      G
               +--------+--------+--------+--------+--------+-----+--------+
         Total |  27012 |  25416 |   1596 |    593 |  15590 |  33 |  818.5 |
       Dungeon |  12850 |  11980 |    870 |     26 |   8139 |  15 |  856.7 |
        Temple |     34 |     34 |      0 |      0 |      0 |   1 |   34.0 |
          Lair |   5167 |   4858 |    309 |    184 |   3142 |   5 | 1033.4 |
         Swamp |   3622 |   3382 |    240 |     91 |   1819 |   4 |  905.5 |
     Snake Pit |   2298 |   2257 |     41 |     61 |   1259 |   3 |  766.0 |
  Orcish Mines |   1416 |   1282 |    134 |     43 |    761 |   2 |  708.0 |
         Sewer |    885 |    885 |      0 |      0 |    401 |   1 |  885.0 |
      Ice Cave |    709 |    709 |      0 |    169 |     68 |   1 |  709.0 |
         Arena |     27 |     27 |      0 |     19 |      0 |   1 |   27.0 |
               +--------+--------+--------+--------+--------+-----+--------+

Top non-repeatable levels by time:
    D:12: 1553 daAuts
 Swamp:2: 1280 daAuts
 Snake:2: 1128 daAuts
  Lair:5: 1090 daAuts
  Lair:4: 1080 daAuts
  Lair:3: 1068 daAuts
  Lair:2: 1051 daAuts
     D:7: 996 daAuts
 Snake:1: 971 daAuts
     D:2: 962 daAuts
     D:8: 911 daAuts
   Orc:2: 893 daAuts
   Sewer: 885 daAuts
     D:4: 884 daAuts
     D:1: 882 daAuts
